 Dungeon Crawl Stone Soup version 0.22-a0-247-gbddf880 (webtiles) character file.

120 sankara the Cudgeler (level 5, -6/39 (41) HPs)
             Began as a Ghoul Skald on Feb 26, 2018.
             Mangled by Sigmund
             ... wielding a +0 scythe
              (8 damage)
             ... on level 3 of the Dungeon on Feb 27, 2018.
             The game lasted 00:14:37 (2616 turns).

sankara the Cudgeler (Ghoul Skald)                  Turns: 2616, Time: 00:14:38

HP:   -6/39 (41)    AC:  4    Str: 15    XL:     5   Next: 4%
MP:   1/7           EV: 17    Int:  9    God:
Gold: 115           SH:  0    Dex: 13    Spells: 3/9 levels left

rFire    . . .     SeeInvis .   a - +1 mace
rCold    + + .     Gourm    .   (no shield)
rNeg     + + +     Faith    .   b - +1 leather armour
rPois    ∞         Spirit   .   (no helmet)
rElec    .         Reflect  .   (no cloak)
rCorr    .         Harm     .   (no gloves)
MR       .....                  (no boots)
Stlth    ++........             m - amulet of the acrobat
HPRegen  0.00/turn              d - ring of flight {+Fly, !d}
MPRegen  0.10/turn              e - ring of protection from cold {rC+, !d}

@: agile, rotting
A: rotting body, claws 1, carnivore, cold resistance 1, negative energy
resistance 3, inhibited regeneration, torment resistance, unbreathing
a: Evoke Flight


You were on level 3 of the Dungeon.
You were not hungry.

You visited 1 branch of the dungeon, and saw 3 of its levels.

You collected 115 gold pieces.

Inventory:

Hand Weapons
 a - a +1 mace (weapon)
 n - a -3 whip
   (You found it on level 1 of the Dungeon)
Missiles
 f - 16 sling bullets
 h - 115 stones (quivered)
Armour
 b - a +1 leather armour (worn)
 o - a cursed +0 pair of gloves
   (You found it on level 2 of the Dungeon)
Jewellery
 d - a ring of flight (left claw) {+Fly, !d}
   (You found it on level 1 of the Dungeon)
 e - a ring of protection from cold (right claw) {rC+, !d}
   (You found it on level 2 of the Dungeon)
 m - an amulet of the acrobat (around neck)
   (You found it on level 2 of the Dungeon)
Scrolls
 k - a scroll of magic mapping {!r}
 l - 3 scrolls of identify
 p - 2 scrolls of enchant weapon
Potions
 g - a potion of mutation
 i - a potion of curing
Comestibles
 c - 4 rations


   Skills:
 - Level 2.1 Fighting
 * Level 3.3 Maces & Flails
 - Level 0.8 Armour
 - Level 1.7 Dodging
 + Level 2.5 Spellcasting
 + Level 3.2 Charms
 + Level 0.8 Necromancy
 + Level 0.7 Translocations


You had 3 spell levels left.
You knew the following spells:

 Your Spells              Type           Power        Failure   Level  Hunger
a - Infusion              Chrm           #...         11%         1    ##.....
b - Shroud of Golubria    Chrm/Tloc      #.........   26%         2    ###....
c - Regeneration          Chrm/Necr      #.........   45%         3    ####...


Dungeon Overview and Level Annotations

Branches:
Dungeon (3/15)

Altars:

Annotations:
D:3 Robin, Sigmund


Innate Abilities, Weirdness & Mutations

Your body is rotting away.
You thrive on raw meat.
You are immune to poison.
You have sharp fingernails.
You are carnivorous and can eat meat at any time.
Your flesh is cold resistant. (rC+)
You are immune to negative energy. (rN+++)
You do not regenerate when monsters are visible.
You are immune to unholy pain and torment.
You can survive without breathing.


Message History

There is a stone staircase leading down here.
You start resting.
Your magical contamination has completely faded away.
You start resting.
Magic restored.
HP restored.
There is a stone staircase leading down here.
Okay, then.
You see here a club.
You feel your flesh rotting away.
You see here a robe.
There is a stone staircase leading down here.
You climb downwards.
Level annotation: Robin, Sigmund
There is a stone staircase leading up here.
There is a stone staircase leading up here.
You feel your flesh rotting away.
Sigmund shouts!
Sigmund points at you and mumbles some strange words.
The puff of flame misses you.
Casting: Shroud of Golubria (safe; 26% risk of failure)
Confirm with . or Enter, or press ? or * to list all spells.
Space distorts slightly along a thin shroud covering your body.
Casting: Shroud of Golubria (safe; 26% risk of failure)
Confirm with . or Enter, or press ? or * to list all spells.
You begin infusing your attacks with magical energy.
Casting: Infusion (safe; 11% risk of failure)
Confirm with . or Enter, or press ? or * to list all spells.
Okay, then.
Sigmund completely misses you.
You hit Sigmund but do no damage.
Your shroud bends Sigmund's attack away.
You sock Sigmund!
Sigmund is moderately wounded.
You hit Sigmund.
Sigmund is heavily wounded.
Sigmund misses you.
You closely miss Sigmund.
Sigmund is heavily wounded.
Your shroud begins to fray at the edges.
Sigmund closely misses you.
You hit Sigmund.
Sigmund is heavily wounded.
Sigmund hits you with a scythe!
You hit Sigmund.
Sigmund is severely wounded.
Sigmund hits you with a scythe!
Your shroud falls apart!
You closely miss Sigmund.
Sigmund is severely wounded.
Your magical infusion is running out.
You closely miss Sigmund.
Sigmund is severely wounded.
Sigmund casts a spell at you. The magic dart hits you!
* * * LOW HITPOINT WARNING * * *
Sigmund closely misses you.
You closely miss Sigmund.
Sigmund is severely wounded.
Sigmund barely misses you.
You hit Sigmund.
Sigmund is severely wounded.
Casting: Infusion (safe; 11% risk of failure)
Confirm with . or Enter, or press ? or * to list all spells.
Okay, then.
Okay, then.
It was a potion of agility.
You feel agile all of a sudden. Sigmund casts a spell at you.
The puff of flame misses you.
You closely miss Sigmund.
Sigmund is severely wounded.
You are no longer magically infusing your attacks.
Sigmund points at you and mumbles some strange words.
You resist with some effort.
Sigmund points at you and mumbles some strange words.
You resist with some effort.
You closely miss Sigmund.
Sigmund is severely wounded.
Sigmund mumbles some strange words.
Sigmund flickers and vanishes!
Deactivating autopickup; reactivate with Ctrl-A.
You closely miss something.
You hear some strange, mumbled words.
Something tries to affect you, but you resist.
You closely miss something. Something hits you.
* * * LOW HITPOINT WARNING * * *
You closely miss something. Something hits you but does no damage.
You barely miss something. Something hits you.
* * * LOW HITPOINT WARNING * * *
You hit something but do no damage. You hit something.
You hear some strange, mumbled words.
A magic dart appears from out of thin air!
The magic dart hits you!
* * * LOW HITPOINT WARNING * * *
You hear some strange, mumbled words.
Something tries to affect you, but you resist.
You miss something. Something hits you!
You die...

.# ####.#
#.##.# .....#
#.##.#
.#########.##.#
......{@...##.#
.##########...#
#.#.# ...#.#
#####.#
#.########
#.........
#.########
##########.#


There were no monsters in sight!

Vanquished Creatures
  Jessica (D:2)
  A howler monkey zombie (D:3)
  A gnoll (D:1)
  3 dart slugs
  A ball python (D:1)
  12 bats
  6 giant cockroaches
  9 goblins
  7 hobgoblins
  5 jackals
  6 kobolds
  A quokka (D:2)
  3 frilled lizards
  8 rats
64 creatures vanquished.

Notes
Turn   | Place    | Note
-------+----------+-------------------------------------------
     0 | D:1      | sankara the Ghoul Skald began the quest for the Orb.
     0 | D:1      | Reached XP level 1. HP: 17/17 MP: 2/2
    55 | D:1      | Reached skill level 2 in Maces & Flails
    88 | D:1      | Reached XP level 2. HP: 20/24 MP: 3/3
   142 | D:1      | Reached skill level 2 in Spellcasting
   356 | D:1      | Reached XP level 3. HP: 26/29 MP: 5/5
   370 | D:1      | Reached skill level 3 in Charms
   384 | D:1      | HP: 5/29 [jackal (3)]
   387 | D:1      | HP: 2/29 [jackal (2)]
   392 | D:1      | HP: 7/29 [jackal (1)]
   394 | D:1      | HP: 3/29 [jackal (3)]
  1044 | D:1      | Learned a level 2 spell: Shroud of Golubria
  1048 | D:1      | Learned a level 3 spell: Regeneration
  1532 | D:2      | Reached XP level 4. HP: 32/35 MP: 4/6
  1715 | D:2      | Reached skill level 3 in Maces & Flails
  1761 | D:2      | Noticed Jessica
  1767 | D:2      | Killed Jessica
  2334 | D:3      | Noticed Sigmund
  2376 | D:3      | Reached XP level 5. HP: 21/41 MP: 0/7
  2388 | D:3      | Noticed Robin
  2412 | D:3      | HP: 10/41 [hobgoblin/club[Robin] (2)]
  2419 | D:2      | HP: 4/41 [hobgoblin/club[Robin] (3)]
  2611 | D:3      | HP: 7/39 [something (4)]
  2615 | D:3      | HP: 2/39 [something/magic dart (4)]
  2616 | D:3      | Mangled by Sigmund

Vault maps used:
D:1:      mushboom_english_gardens, minmay_tetromino_o4
D:2:      uniq_jessica
D:3:      wad_crossroads, first_ration, corexii_leaking_fountain, uniq_sigmund,
          uniq_ijyb, uniq_robin, uniq_crazy_yiuf_cottage

Skill      XL: |  1  2  3  4 |
---------------+-------------+-----
Maces & Flails | 2 3 |  3.3
Spellcasting   | 2 |  2.5
Charms         | 3 |  3.2
Fighting       | |  2.1
Armour         | |  0.8
Dodging        | |  1.7
Necromancy     | |  0.8
Translocations | |  0.7

Action                   |  1- 3 |  4- 6 || total
-------------------------+-------+-------++-------
Melee: Mace              |    93 |    31 ||   124
       Whip              |    97 |   193 ||   290
 Cast: Infusion          |     4 |     5 ||     9
       Shroud of Golubri |     3 |     7 ||    10
  Use: Scroll            |     7 |     5 ||    12
       Potion            |     2 |     1 ||     3
  Eat: Chunk             |    15 |    11 ||    26
Armor: Leather armour    |    96 |    92 ||   188
Dodge: Dodged            |   157 |   190 ||   347

Table legend:
 A = Spawn XP
 B = Non-spawn XP
 C = Spawn XP percentage of total XP
 D = Spawn monster count
 E = Non-spawn monster count
 F = Spawn count percentage of total count
 G = Total turns spent on level
                    A         B        C        D         E        F      G
               +---------+---------+-------+---------+---------+-------+---------
         Total |       0 |     172 |   0.0 |       0 |      64 |   0.0 |  2616
               +---------+---------+-------+---------+---------+-------+---------
           D:1 |       0 |      78 |   0.0 |       0 |      39 |   0.0 |  1489
           D:2 |       0 |      75 |   0.0 |       0 |      23 |   0.0 |  1024
           D:3 |       0 |      19 |   0.0 |       0 |       2 |   0.0 |   103
               +---------+---------+-------+---------+---------+-------+---------

Vault maps used:
D:1:      mushboom_english_gardens, minmay_tetromino_o4
D:2:      uniq_jessica
D:3:      wad_crossroads, first_ration, corexii_leaking_fountain, uniq_sigmund,
          uniq_ijyb, uniq_robin, uniq_crazy_yiuf_cottage

Table legend:
 A = Turns spent in this place as a percentage of turns spent in the entire game.
 B = Non-inter-level travel turns spent in this place as a percentage of non-inter-level travel turns spent in the entire game.
 C = Inter-level travel turns spent in this place as a percentage of turns spent in this place.
 D = Turns resting spent in this place as a percentage of non-inter-level travel turns spent in this place.
 E = Turns spent auto-exploring this place as a percentage of non-inter-level travel turns spent in this place.
 F = Non-inter-level travel turns spent in this place divided by the number of levels of this place that you've seen.
                   A       B       C       D       E      F
               +-------+-------+-------+-------+-------+----------------------
         Total | 100.0 | 100.0 |   4.6 |  29.2 |  32.8 | 832.0
       Dungeon | 100.0 | 100.0 |   4.6 |  29.2 |  32.8 | 832.0
               +-------+-------+-------+-------+-------+----------------------

Table legend:
 A = Kills in this place as a percentage of kills in entire the game.
 B = Kills by you in this place as a percentage of kills by you in the entire game.
 C = Kills by friends in this place as a percentage of kills by friends in the entire game.
 D = Other kills in this place as a percentage of other kills in the entire game.
 E = Experience gained in this place as a percentage of experience gained in the entire game.
 F = Experience gained in this place divided by the number of levels of this place that you have seen.
                   A       B       C       D       E      F
               +-------+-------+-------+-------+-------+----------------------
         Total | 100.0 | 100.0 |   N/A |   N/A | 100.0 |  57.3
       Dungeon | 100.0 | 100.0 |   N/A |   N/A | 100.0 |  57.3
               +-------+-------+-------+-------+-------+----------------------
